[Event "Titled Tuesday Blitz September 27 Early 2022"]
[White "Sztokbant, Bernardo Vainzoff"]
[Black "Dahale, Atul"]
[WhiteFideId "2115956"]
[BlackFideId "5037794"]
[WhiteElo "2172"]
[BlackElo "2017"]
[Result "1-0"]
[Round "09"]
[TimeControl "180+1"]
[Date "2022.09.27"]
[WhiteClock "0:01:17"]
[BlackClock "0:00:21"]

1. e4 d6 2. d4 g6 3. Nc3 Bg7 4. Nf3 Nd7 5. Bc4 e6 6. O-O Ne7 7. Re1 O-O 8. Bf4 d5 9. exd5 exd5 10. Bxd5 Nxd5 11. Nxd5 c6 12. Ne7+ Kh8 13. Qd2 Nf6 14. Nxc8 Rxc8 15. Ne5 Nd5 16. Bh6 Qh4 17. Bxg7+ Kxg7 18. g3 Qh5 19. Re4 g5 20. h4 f5 21. Ree1 gxh4 22. Kg2 h3+ 23. Kh2 f4 24. g4 Qh4 25. Nf3 Qh6 26. Re5 Kh8 27. Qd3 Qg6 28. Qxg6 hxg6 29. Rae1 Nb4 30. R1e2 Nxa2 31. Re7 Nb4 32. Rxb7 Nd5 33. Ne5 Rf6 34. g5 Rf5 35. Nxg6+ Kg8 36. Re5 Rcf8 37. Nxf8 Rxf8 38. Kxh3 f3 39. Kg3 Nf4 40. Ree7 Nh5+ 41. Kg4 1-0


[Site "https://www.chess.com"]

[Event "Titled Tuesday Blitz September 27 Early 2022"]
[White "Tasev, Dejan"]
[Black "Haitin, Ilja"]
[WhiteFideId "936618"]
[BlackFideId "4501764"]
[WhiteElo "2256"]
[BlackElo "2243"]
[Result "1-0"]
[Round "09"]
[TimeControl "180+1"]
[Date "2022.09.27"]
[WhiteClock "0:00:18"]
[BlackClock "0:00:05"]

1. e4 d6 2. d4 Nf6 3. Nc3 e5 4. Nge2 exd4 5. Nxd4 Be7 6. Bf4 O-O 7. Qd2 Re8 8. O-O-O Bf8 9. f3 a6 10. g4 b5 11. Nf5 Be6 12. Rg1 Nbd7 13. h4 c5 14. Nxd6 Bxd6 15. Qxd6 Qa5 16. Qc7 Nb6 17. Rd6 Nfd7 18. Rxd7 Rac8 19. Re7 Rxe7 20. Qxe7 b4 21. Nb1 Qxa2 22. Be5 Nd7 23. Bf4 c4 24. Qxb4 c3 25. Nxc3 Qa1+ 26. Kd2 Nc5 27. Bd6 Nd7 28. Ke3 Nf6 29. Kf2 Qc1 30. Bd3 Qd2+ 31. Ne2 h5 32. Qxd2 1-0


[Site "https://www.chess.com"]

[Event "Titled Tuesday Blitz September 27 Early 2022"]
[White "Terzi, Alexei"]
[Black "Guz, Ari"]
[WhiteFideId "13505076"]
[BlackFideId "2825759"]
[WhiteElo "2031"]
[BlackElo "1913"]
[Result "1-0"]
[Round "09"]
[TimeControl "180+1"]
[Date "2022.09.27"]
[WhiteClock "0:00:52"]
[BlackClock "0:00:43"]

1. e4 Nf6 2. e5 Nd5 3. f4 d6 4. Nf3 Bf5 5. d4 e6 6. Bd3 Bxd3 7. Qxd3 dxe5 8. fxe5 c5 9. O-O cxd4 10. Ng5 Nf6 11. exf6 gxf6 12. Nf3 Nc6 13. c3 dxc3 14. Qxd8+ Rxd8 15. Nxc3 Bc5+ 16. Kh1 Nb4 17. Bf4 Nd3 18. Bg3 f5 19. Ne5 Nb4 20. Rad1 O-O 21. Bh4 Rxd1 22. Rxd1 Rc8 23. Rd8+ Rxd8 24. Bxd8 Bd4 25. a3 Nc2 26. Nc4 Bxc3 27. bxc3 b5 28. Ne5 Nxa3 29. Nc6 a6 30. Nb8 Nb1 31. Ba5 e5 32. Nxa6 e4 33. Kg1 Nd2 34. Bb6 Nc4 35. Bd4 Na3 36. Nc7 Kf8 37. Bc5+ 1-0


[Site "https://www.chess.com"]

[Event "Titled Tuesday Blitz September 27 Early 2022"]
[White "Thiel, Thomas"]
[Black "Pourkashiyan, Atousa"]
[WhiteFideId "4615964"]
[BlackFideId "12502014"]
[WhiteElo "2212"]
[BlackElo "2247"]
[Result "1/2-1/2"]
[Round "09"]
[TimeControl "180+1"]
[Date "2022.09.27"]
[WhiteClock "0:01:56"]
[BlackClock "0:02:33"]

1. e4 c5 2. Nc3 e6 3. Nge2 a6 4. g3 b5 5. Bg2 Bb7 6. d4 cxd4 7. Nxd4 Nc6 8. O-O Qc7 9. Re1 Nge7 10. Ndxb5 axb5 11. Nxb5 Qb6 12. Nd6+ Kd8 13. Be3 Qc7 14. Nxf7+ Ke8 15. Nd6+ Kd8 16. Nf7+ Ke8 17. Nd6+ Kd8 18. Nf7+ 1/2-1/2


[Site "https://www.chess.com"]

[Event "Titled Tuesday Blitz September 27 Early 2022"]
[White "Thorhallsson, Simon"]
[Black "Shuvalov, Evgenij"]
[WhiteFideId "2310090"]
[BlackFideId "4187237"]
[WhiteElo "2137"]
[BlackElo "2033"]
[Result "0-1"]
[Round "09"]
[TimeControl "180+1"]
[Date "2022.09.27"]
[WhiteClock "0:00:04"]
[BlackClock "0:00:20"]

1. e4 e6 2. d4 d5 3. exd5 exd5 4. Nc3 Nf6 5. h3 Bf5 6. Bd3 Bxd3 7. Qxd3 c6 8. Bf4 Bd6 9. Nge2 O-O 10. O-O-O Na6 11. g4 Nb4 12. Qf3 Ne4 13. Nxe4 dxe4 14. Qxe4 Re8 15. Qf3 Rxe2 16. Qxe2 Bxf4+ 17. Kb1 Qd5 18. c4 Qd6 19. Rhe1 h6 20. a3 Na6 21. Qe7 Nc7 22. Ka2 Rd8 23. Re4 Qxe7 24. Rxe7 Bd6 25. Re4 Ne6 26. d5 Ng5 27. Re3 Bf4 28. Red3 c5 29. d6 Rd7 30. h4 Ne6 31. Rd5 b6 32. b4 g5 33. h5 Kg7 34. Kb3 Kf6 35. Ka4 Be5 36. Kb5 Nd4+ 37. Ka6 Ke6 38. bxc5 bxc5 39. Re1 f6 40. Rb1 Nc2 41. Rb3 Bxd6 42. Kb5 Nd4+ 43. Rxd4 cxd4 44. c5 Rb7+ 45. Kc6 Rxb3 46. cxd6 Rc3+ 0-1


[Site "https://www.chess.com"]

[Event "Titled Tuesday Blitz September 27 Early 2022"]
[White "Timofeev, Artyom"]
[Black "Bortnyk, Olexandr"]
[WhiteFideId "4140419"]
[BlackFideId "14120828"]
[WhiteElo "2579"]
[BlackElo "2723"]
[Result "0-1"]
[Round "09"]
[TimeControl "180+1"]
[Date "2022.09.27"]
[WhiteClock "0:00:02"]
[BlackClock "0:00:06"]

1. e4 d6 2. d4 Nf6 3. Nc3 Nbd7 4. Nf3 e5 5. g3 c6 6. Bg2 Be7 7. O-O O-O 8. a4 Re8 9. Re1 Bf8 10. h3 Rb8 11. b3 a6 12. Bb2 b5 13. axb5 axb5 14. d5 c5 15. Nd2 g6 16. Qe2 Bh6 17. Bc1 b4 18. Nd1 Nb6 19. Nb2 Bxd2 20. Bxd2 Nh5 21. Kh2 Bd7 22. c3 bxc3 23. Bxc3 f5 24. Ba5 Qf6 25. exf5 Bxf5 26. Qd2 Bd7 27. b4 cxb4 28. Bxb4 Rf8 29. Nd1 Nc4 30. Qc3 Rfc8 31. Ba5 Ra8 32. Bb4 Rab8 33. Ba5 Rb5 34. Bb4 Ng7 35. Bf1 Nb6 36. Qd2 Rxd5 37. Qb2 Nf5 38. Ne3 Nxe3 39. Rxe3 Nc4 40. Bxc4 Rxc4 41. Be1 Kg7 42. Ra7 Qf5 43. g4 Qf4+ 44. Kg1 Qf7 45. Qb7 Be6 46. Qxf7+ Bxf7 47. Rf3 Rf4 48. Rxf4 exf4 49. Bc3+ Kf8 50. Ra8+ Ke7 51. Ra7+ Ke6 52. Kg2 g5 53. h4 gxh4 54. Bg7 Rd3 55. Bf8 h3+ 56. Kh2 Bg6 57. Re7+ Kf6 58. Re1 Kg5 59. Rg1 Kf6 60. Re1 Rd2 61. Be7+ Kf7 62. Bh4 Rd3 63. Re7+ Kf8 64. Rc7 Be4 65. Be7+ Kg8 66. Bf6 Rd1 67. f3 Bxf3 68. Rc8+ Kf7 0-1


[Site "https://www.chess.com"]

[Event "Titled Tuesday Blitz September 27 Early 2022"]
[White "Tsukerman, Julia"]
[Black "Ovezdurdyyeva, Jemal"]
[WhiteFideId "2621649"]
[BlackFideId "14001888"]
[WhiteElo "1667"]
[BlackElo "1946"]
[Result "0-1"]
[Round "09"]
[TimeControl "180+1"]
[Date "2022.09.27"]
[WhiteClock "0:02:16"]
[BlackClock "0:02:21"]

1. e4 d6 2. d4 Nf6 3. Nc3 g6 4. Be3 c6 5. f3 b5 6. Qd2 h5 7. g3 Bg7 8. O-O-O Qa5 9. Kb1 b4 10. Nce2 Be6 11. Nc1 Nbd7 12. h3 Nb6 13. b3 Qa3 14. Bd3 c5 15. d5 Nxe4 0-1


[Site "https://www.chess.com"]

[Event "Titled Tuesday Blitz September 27 Early 2022"]
[White "Urazayev, Arystanbek"]
[Black "Wirig, Anthony"]
[WhiteFideId "13709810"]
[BlackFideId "615013"]
[WhiteElo "2441"]
[BlackElo "2474"]
[Result "0-1"]
[Round "09"]
[TimeControl "180+1"]
[Date "2022.09.27"]
[WhiteClock "0:00:07"]
[BlackClock "0:00:08"]

1. e4 c5 2. Nf3 e6 3. d4 cxd4 4. Nxd4 Nf6 5. Nc3 Nc6 6. Be2 d6 7. Be3 Be7 8. g4 a6 9. g5 Nd7 10. h4 Qc7 11. h5 b5 12. Nxc6 Qxc6 13. Qd4 e5 14. Qd2 Nc5 15. f3 Be6 16. Nd5 Bxd5 17. exd5 Qc7 18. O-O-O O-O 19. g6 f5 20. h6 hxg6 21. hxg7 Rfc8 22. Kb1 Bf6 23. Bxc5 Qxc5 24. Bd3 Ra7 25. Rh8+ Kf7 26. Qh6 Bxg7 27. Rh7 Rg8 28. Bxf5 gxf5 29. Qe6+ Kf8 30. Qxf5+ Rf7 31. Qe6 Qc7 32. a3 Qd7 33. Qg6 Rf6 34. Qe4 Qf7 35. Qb4 Rh8 36. Rxh8+ Bxh8 37. c4 bxc4 38. Qxc4 Qd7 39. Ka2 Bg7 40. Rc1 Rf4 41. Qxa6 Kg8 42. Rc8+ Kh7 43. Rb8 Qf5 44. Qf1 Rxf3 45. Qh1+ Rh3 46. Qc1 e4 47. Qc4 Qe5 48. Rb7 Rh2 49. Qc1 e3 50. Qb1+ Kh6 51. Qc1 Rxb2+ 52. Rxb2 Qxb2+ 53. Qxb2 Bxb2 0-1


[Site "https://www.chess.com"]

[Event "Titled Tuesday Blitz September 27 Early 2022"]
[White "Vachylia, Andrii"]
[Black "Abdisalimov, Abdimalik"]
[WhiteFideId "14137224"]
[BlackFideId "14206323"]
[WhiteElo "2318"]
[BlackElo "2401"]
[Result "0-1"]
[Round "09"]
[TimeControl "180+1"]
[Date "2022.09.27"]
[WhiteClock "0:00:05"]
[BlackClock "0:00:28"]

1. e4 c5 2. Nf3 d6 3. d4 cxd4 4. Nxd4 Nf6 5. Nc3 a6 6. Be2 e5 7. Nb3 Be7 8. O-O O-O 9. Re1 Nbd7 10. a4 b6 11. Bf3 Bb7 12. Nd2 Rc8 13. Nf1 Re8 14. h3 Nc5 15. Bg5 Ne6 16. Bxf6 Bxf6 17. Ne3 Bg5 18. Ned5 Nd4 19. Bg4 Rc5 20. Qd3 g6 21. f4 Bh6 22. f5 b5 23. axb5 axb5 24. Rf1 Bg5 25. fxg6 hxg6 26. Ra7 Qb8 27. Ra2 Rf8 28. b4 Rc4 29. h4 Bxh4 30. g3 Bg5 31. Nf6+ Bxf6 32. Rxf6 Qd8 33. Rf1 Qg5 34. Bd7 Rxc3 0-1


[Site "https://www.chess.com"]

[Event "Titled Tuesday Blitz September 27 Early 2022"]
[White "Vagman, Roy"]
[Black "Ozen, Bahadir"]
[WhiteFideId "2828995"]
[BlackFideId "6337058"]
[WhiteElo "1945"]
[BlackElo "2503"]
[Result "0-1"]
[Round "09"]
[TimeControl "180+1"]
[Date "2022.09.27"]
[WhiteClock "0:00:19"]
[BlackClock "0:01:33"]

1. e4 d6 2. d4 g6 3. g3 Bg7 4. Bg2 Nf6 5. Nc3 O-O 6. Nge2 e5 7. O-O c6 8. h3 b5 9. a3 Bb7 10. Be3 Nbd7 11. f4 a5 12. dxe5 dxe5 13. f5 b4 14. axb4 axb4 15. Na4 c5 16. Nxc5 Rxa1 17. Qxa1 Qb6 18. Nc1 Nxc5 19. Nd3 Nfd7 20. f6 Bh8 21. Qe1 Rc8 22. Nxb4 Bxf6 23. Nd3 Nxd3 24. cxd3 Qxb2 25. h4 Be7 26. Bh3 Rd8 27. Rf2 Qb3 28. Qf1 Nc5 29. h5 Nxd3 30. Rd2 Bxe4 31. h6 Qc3 32. Qd1 Bc5 33. Bxc5 Qxc5+ 34. Kh2 Qe3 35. Re2 Qxh6 36. Rxe4 Qxh3+ 37. Kxh3 Nf2+ 38. Kg2 Nxd1 39. Rxe5 Nc3 40. Rc5 Ne4 41. Re5 Nf6 42. Ra5 h5 43. Kh3 Kg7 44. Ra6 Rd7 45. Ra7 Rxa7 46. g4 hxg4+ 47. Kh4 Ra5 48. Kg3 Kh6 49. Kh4 g3 50. Kxg3 Kg5 51. Kh3 Ra3+ 52. Kg2 Kf4 53. Kg1 Ra2 54. Kf1 Ke3 55. Kg1 Kf3 56. Kh1 Kg3 57. Kg1 Ra1# 0-1


[Site "https://www.chess.com"]

[Event "Titled Tuesday Blitz September 27 Early 2022"]
[White "Vignesh, N R"]
[Black "Badelka, Olga"]
[WhiteFideId "25012215"]
[BlackFideId "13509926"]
[WhiteElo "2363"]
[BlackElo "2165"]
[Result "1-0"]
[Round "09"]
[TimeControl "180+1"]
[Date "2022.09.27"]
[WhiteClock "0:00:29"]
[BlackClock "0:00:04"]

1. d4 Nf6 2. c4 e6 3. Nf3 d5 4. Nc3 Bb4 5. Bg5 h6 6. Bxf6 Qxf6 7. e3 O-O 8. Rc1 c5 9. dxc5 dxc4 10. Bxc4 Bxc5 11. O-O Bb6 12. Qe2 Nc6 13. Rfd1 Ne5 14. Ne4 Nxf3+ 15. gxf3 Qe7 16. Bb5 e5 17. Kh1 Be6 18. Bc4 Rac8 19. Bxe6 Qxe6 20. b3 Rxc1 21. Rxc1 f5 22. Nc5 Bxc5 23. Rxc5 Rc8 24. Rxc8+ Qxc8 25. Qd3 Qc6 26. Kg2 e4 27. fxe4 fxe4 28. Qd8+ Kf7 29. Qd4 Qg6+ 30. Kf1 Qc6 31. Qxa7 Qb5+ 32. Ke1 Qd3 33. Qxb7+ Kg6 34. Qc6+ Kh5 35. Qc1 Kg4 36. Qd1+ Qxd1+ 37. Kxd1 Kf3 38. a4 Kxf2 39. a5 Kxe3 40. Ke1 1-0


[Site "https://www.chess.com"]

[Event "Titled Tuesday Blitz September 27 Early 2022"]
[White "Visakh N R"]
[Black "Makhnev, Denis"]
[WhiteFideId "25012223"]
[BlackFideId "13707647"]
[WhiteElo "2448"]
[BlackElo "2486"]
[Result "1-0"]
[Round "09"]
[TimeControl "180+1"]
[Date "2022.09.27"]
[WhiteClock "0:00:08"]
[BlackClock "0:00:11"]

1. c4 e5 2. g3 c6 3. d4 e4 4. Nc3 d5 5. Bg2 Nf6 6. Bg5 Nbd7 7. Nh3 h6 8. Bxf6 Nxf6 9. cxd5 cxd5 10. O-O Bd6 11. f3 exf3 12. exf3 O-O 13. Qd3 Qb6 14. Rab1 g6 15. Qd2 Bf5 16. Rbc1 Kg7 17. Nf2 Rac8 18. Rfd1 g5 19. Bf1 a6 20. Na4 Qb4 21. Qxb4 Bxb4 22. Nc5 Rb8 23. Nfd3 Ba5 24. g4 Bc8 25. Ne5 h5 26. h3 Rd8 27. Rd3 Rd6 28. Kg2 hxg4 29. fxg4 Ng8 30. Rb3 Bb6 31. Rc2 Ne7 32. Bd3 Ba7 33. Nf3 f6 34. Be2 Ng6 35. Kg3 Rb6 36. Rxb6 Bxb6 37. Na4 Bd8 38. h4 gxh4+ 39. Nxh4 Nxh4 40. Kxh4 Bd7 41. Nc5 Bc8 42. Kg3 Be7 43. Bd3 Bd6+ 44. Kf3 a5 45. Re2 b6 46. Ne6+ Kf7 47. Bf5 Ba6 48. Re1 Rh8 49. Nf4 Rh2 50. Be6+ Kg7 51. Nxd5 Rxb2 52. Nf4 Bb7+ 53. Bd5 Bxd5+ 54. Nxd5 b5 55. Re6 Bf8 56. Nxf6 Rxa2 57. Nh5+ Kf7 58. Rf6+ Kg8 59. g5 a4 60. g6 a3 61. Ra6 Ra1 62. Ra8 a2 63. g7 Rf1+ 64. Kg2 a1=Q 65. gxf8=Q+ Rxf8 66. Rxa1 Rf5 67. Ng3 Rd5 68. Ne2 b4 69. Kf3 Rb5 70. Rb1 b3 71. Ke4 Kf7 72. Kd3 Ke6 73. Kc4 Rg5 74. Rxb3 Kd6 75. Rb6+ Kc7 76. Rb5 Rg2 77. Nc3 Rg4 78. Rc5+ Kd6 79. Nb5+ Ke6 80. Re5+ Kd7 81. Kc5 Rg1 82. Re3 Rc1+ 83. Rc3 Rb1 84. d5 Rg1 85. Rh3 Rc1+ 86. Nc3 Kc8 87. Kc6 Kb8 88. d6 Ka7 89. d7 Rb1 90. Nb5+ Ka6 91. Ra3# 1-0


[Site "https://www.chess.com"]

[Event "Titled Tuesday Blitz September 27 Early 2022"]
[White "Vogel, Roven"]
[Black "Dilanyan, Grigor"]
[WhiteFideId "12908088"]
[BlackFideId "13303570"]
[WhiteElo "2501"]
[BlackElo "2264"]
[Result "1-0"]
[Round "09"]
[TimeControl "180+1"]
[Date "2022.09.27"]
[WhiteClock "0:00:43"]
[BlackClock "0:00:40"]

1. d4 Nf6 2. Nc3 d5 3. Bf4 g6 4. e3 Bg7 5. Nf3 O-O 6. Nb5 Na6 7. h3 c6 8. Na3 Nc7 9. Bd3 Bf5 10. c4 Bxd3 11. Qxd3 dxc4 12. Nxc4 Ncd5 13. Be5 Nb4 14. Qb3 a5 15. O-O b5 16. Ncd2 Nfd5 17. Ne4 a4 18. Qd1 f6 19. Bg3 Na6 20. Rc1 Qd7 21. Nc5 Nxc5 22. Rxc5 Rfd8 23. Qe2 Bf8 24. Rfc1 Ra6 25. e4 Nc7 26. d5 e5 27. Rxc6 Rxc6 28. Rxc6 Ne8 29. Qxb5 Nd6 30. Qe2 Qb7 31. Bh4 g5 32. Bg3 Rb8 33. Rc2 Qb4 34. Nd2 Qd4 35. b3 axb3 36. axb3 Ra8 37. Kh2 h5 38. Qxh5 Ra7 39. Qe2 Rg7 40. f3 g4 41. fxg4 Nf7 42. Nf3 Qa1 43. Bh4 Rh7 44. Bxf6 Nh6 45. Ng5 Ra7 46. d6 Qd4 47. Rd2 Qb6 48. Qc4+ Nf7 49. Be7 1-0


[Site "https://www.chess.com"]

[Event "Titled Tuesday Blitz September 27 Early 2022"]
[White "Wachinger, Guenther"]
[Black "Umarov, Sabir"]
[WhiteFideId "4604261"]
[BlackFideId "14200538"]
[WhiteElo "2212"]
[BlackElo "2411"]
[Result "0-1"]
[Round "09"]
[TimeControl "180+1"]
[Date "2022.09.27"]
[WhiteClock "0:00:18"]
[BlackClock "0:00:26"]

1. e4 g6 2. d4 Bg7 3. Nc3 c6 4. Nf3 d5 5. h3 dxe4 6. Nxe4 Nd7 7. Bd3 Ngf6 8. c3 O-O 9. O-O Nxe4 10. Bxe4 Re8 11. Bf4 Nf6 12. Bd3 Be6 13. Re1 Rc8 14. Qa4 a6 15. Rad1 Qb6 16. Bc1 c5 17. dxc5 Qxc5 18. Nd4 Bd7 19. Qb3 e5 20. Nc2 e4 21. Be3 Qf5 22. Nd4 Qe5 23. Bc4 Re7 24. Ne2 b5 25. Bxf7+ Rxf7 26. Bd4 Qe6 27. Qa3 Bf8 28. Qa5 Bc6 29. Qxa6 Ra8 30. Qb6 Rb7 31. Nf4 Qc8 32. Qxb7 Bxb7 33. Bxf6 Qf5 0-1


[Site "https://www.chess.com"]

[Event "Titled Tuesday Blitz September 27 Early 2022"]
[White "Wagner, Dennis"]
[Black "Le, Tuan Minh"]
[WhiteFideId "24650684"]
[BlackFideId "12401153"]
[WhiteElo "2355"]
[BlackElo "2530"]
[Result "1-0"]
[Round "09"]
[TimeControl "180+1"]
[Date "2022.09.27"]
[WhiteClock "0:00:11"]
[BlackClock "0:00:05"]

1. e4 c5 2. Nf3 Nf6 3. e5 Nd5 4. Nc3 e6 5. g3 Nc6 6. Bg2 d6 7. exd6 Bxd6 8. Nxd5 exd5 9. O-O O-O 10. d4 Bg4 11. dxc5 Bxc5 12. h3 Bh5 13. c3 Re8 14. Bf4 Bg6 15. Qb3 Bb6 16. Rad1 Be4 17. Ng5 Na5 18. Qb5 a6 19. Qa4 Bxg2 20. Kxg2 h6 21. Nf3 Nc4 22. Qc2 Rc8 23. b3 Na5 24. Qf5 Rxc3 25. Rxd5 Qc8 26. Bd2 Rxf3 27. Qxf3 Nc6 28. Re1 Rd8 29. Rxd8+ Qxd8 30. Be3 Bc7 31. Rd1 Qe8 32. Bf4 Bb6 33. Rd2 Qe6 34. Qd5 Qf6 35. h4 Ba5 36. Re2 Kh7 37. Qe4+ g6 38. h5 Bb4 39. hxg6+ Qxg6 40. Qxg6+ Kxg6 41. Re4 h5 42. Re8 Kf6 43. Be3 Kf5 44. f3 Bd6 45. Kf2 Ne5 46. Rh8 Kg6 47. Bf4 Nd3+ 48. Ke3 Nxf4 49. gxf4 Bc5+ 50. Ke4 Ba3 51. f5+ Kg5 52. Rg8+ Kf6 53. Rh8 Kg5 54. Rg8+ Kf6 55. f4 Bc1 56. Rg5 h4 57. Rh5 Ke7 58. Rxh4 Kd6 59. Rh6+ Kc5 60. Rf6 Kb4 61. Rxf7 b5 62. Ra7 a5 63. f6 Bb2 64. f7 Bg7 65. Ra8 Ka3 66. Rxa5+ Kb4 67. Ra8 1-0


[Site "https://www.chess.com"]

[Event "Titled Tuesday Blitz September 27 Early 2022"]
[White "Wartiovaara, Oliver"]
[Black "Dilmukhametov, Artur"]
[WhiteFideId "513024"]
[BlackFideId "24179922"]
[WhiteElo "1971"]
[BlackElo "2206"]
[Result "1-0"]
[Round "09"]
[TimeControl "180+1"]
[Date "2022.09.27"]
[WhiteClock "0:01:53"]
[BlackClock "0:01:48"]

1. Nc3 d5 2. e3 e5 3. Qh5 Nf6 4. Qxe5+ Be7 5. Qg3 g6 6. d4 Bf5 7. Bd3 Qd7 8. Bxf5 Qxf5 9. Qxc7 Nc6 10. Qxb7 Rc8 11. Nf3 O-O 12. O-O Ne4 13. Nxe4 dxe4 14. Nd2 Bd6 15. h3 g5 16. f3 exf3 17. Nxf3 Kh8 18. e4 Qxe4 19. Bxg5 Rg8 20. Bf6+ Rg7 21. Qxc8+ Nd8 22. Qxd8+ Bf8 23. Qxf8# 1-0


[Site "https://www.chess.com"]

[Event "Titled Tuesday Blitz September 27 Early 2022"]
[White "White, John S."]
[Black "Tarnowska, Aleksandra"]
[WhiteFideId "2502348"]
[BlackFideId "1180967"]
[WhiteElo "1853"]
[BlackElo "1700"]
[Result "0-1"]
[Round "09"]
[TimeControl "180+1"]
[Date "2022.09.27"]
[WhiteClock "0:00:15"]
[BlackClock "0:00:03"]

1. e4 c5 2. Nf3 e6 3. d4 cxd4 4. Nxd4 a6 5. Nc3 Qc7 6. Be3 b5 7. Be2 Bb7 8. Qd2 Nf6 9. f3 Be7 10. O-O O-O 11. Rad1 Nc6 12. Nxc6 dxc6 13. Bg5 Rfd8 14. Qe3 c5 15. a3 c4 16. Kh1 h6 17. Bf4 e5 18. Bg3 Bc5 19. Qc1 Nh5 20. Bf2 Bxf2 21. Rxf2 Rxd1+ 22. Qxd1 Rd8 23. Qc1 Qe7 24. g3 Qe6 25. Kg2 Qg6 26. Kh1 Qb6 27. Qe1 Nf6 28. Bf1 Qd4 29. Qe2 a5 30. Nxb5 Qxb2 31. Qxc4 Ba6 32. Qc7 Rd1 33. Nd6 Rxf1+ 34. Rxf1 Bxf1 35. Qd8+ Kh7 36. Nxf7 Qxc2 37. Qh8+ Kg6 38. Nxe5+ Kh5 39. Qxg7 Qg2# 0-1


[Site "https://www.chess.com"]

[Event "Titled Tuesday Blitz September 27 Early 2022"]
[White "Winkels, Marcel"]
[Black "Broca Jimenez, Fernando"]
[WhiteFideId "1003887"]
[BlackFideId "5104742"]
[WhiteElo "1900"]
[BlackElo "2062"]
[Result "0-1"]
[Round "09"]
[TimeControl "180+1"]
[Date "2022.09.27"]
[WhiteClock "0:00:09"]
[BlackClock "0:00:10"]

1. d4 Nf6 2. Nc3 g6 3. Bf4 Bg7 4. e3 d6 5. Bc4 Nbd7 6. h4 h5 7. Nf3 O-O 8. Ng5 e6 9. Qf3 e5 10. dxe5 Nxe5 11. Bxe5 dxe5 12. Rd1 Qe7 13. O-O Bg4 14. Qxb7 Bxd1 15. Rxd1 Nh7 16. Nce4 Nxg5 17. Nxg5 Bf6 18. Nxf7 Rab8 19. Qxa7 Kg7 20. g3 Ra8 21. Qb7 Rab8 22. Qd5 Rxf7 23. Qxf7+ Qxf7 24. Bxf7 Kxf7 25. b3 Rd8 26. Rxd8 Bxd8 27. Kf1 Ke6 28. Ke2 Kd5 29. Kd3 c5 30. e4+ Kc6 31. Kc4 g5 32. hxg5 Bxg5 33. c3 Bd2 34. b4 Be1 35. b5+ Kb6 36. a4 Bxf2 37. Kd3 Bxg3 38. Ke2 Bf4 39. c4 h4 40. Kf3 h3 41. Kf2 Ka5 42. Kg1 Bg3 43. Kh1 Kb6 44. Kg1 Kc7 45. Kh1 Kb6 46. Kg1 Bf4 47. Kh1 Ka5 48. Kg1 Bg5 49. Kh2 Kxa4 50. b6 Bd8 51. b7 Bc7 52. Kxh3 Kb4 53. Kg4 Kxc4 54. Kf5 Kb5 55. Ke6 Kc6 56. Kf5 c4 57. Kg4 Kxb7 0-1


[Site "https://www.chess.com"]

[Event "Titled Tuesday Blitz September 27 Early 2022"]
[White "Wojtaszek, Radoslaw"]
[Black "Carlsen, Magnus"]
[WhiteFideId "1118358"]
[BlackFideId "1503014"]
[WhiteElo "2606"]
[BlackElo "2830"]
[Result "0-1"]
[Round "09"]
[TimeControl "180+1"]
[Date "2022.09.27"]
[WhiteClock "0:00:27"]
[BlackClock "0:00:41"]

1. e4 g6 2. d4 d6 3. c4 Bg7 4. Nc3 e5 5. Nf3 Nc6 6. Bg5 f6 7. Be3 Nh6 8. h3 Nf7 9. c5 dxc5 10. dxe5 Nfxe5 11. Qxd8+ Nxd8 12. Nxe5 fxe5 13. Bxc5 Ne6 14. Be3 Nd4 15. O-O-O Be6 16. f4 O-O-O 17. g3 h5 18. h4 c6 19. Bh3 Bxh3 20. Rxh3 Ne6 21. Rhh1 Rhf8 22. Rhf1 Bh6 23. Ne2 b6 24. Rxd8+ Kxd8 25. Kc2 Ke7 26. Rf2 Kd7 27. Rf1 Ke7 28. a3 Nc7 29. Nc1 Nb5 30. Nd3 Bg7 31. Rg1 c5 32. fxe5 Rf3 33. Kd2 c4 34. Nf4 Bxe5 35. Ke2 Rxe3+ 36. Kxe3 Bd4+ 0-1


[Site "https://www.chess.com"]

[Event "Titled Tuesday Blitz September 27 Early 2022"]
[White "Yang, Ray"]
[Black "Shivika, Rohilla"]
[WhiteFideId "3220281"]
[BlackFideId "45015414"]
[WhiteElo "1796"]
[BlackElo "1605"]
[Result "0-1"]
[Round "09"]
[TimeControl "180+1"]
[Date "2022.09.27"]
[WhiteClock "0:00:18"]
[BlackClock "0:00:16"]

1. d4 d5 2. c4 e6 3. Nf3 dxc4 4. g3 Nf6 5. Bg2 a6 6. Ne5 Bb4+ 7. Bd2 Qxd4 8. Qa4+ Nbd7 9. Nxd7 Bxd2+ 10. Nxd2 Bxd7 11. Qxc4 Qxc4 12. Nxc4 O-O-O 13. Ne5 Be8 14. O-O Rd2 15. Rfd1 Rxe2 16. f4 Rxb2 17. Rab1 Rxb1 18. Rxb1 b6 19. Rc1 Rf8 20. Nc4 Kb8 21. Ne5 c5 22. Rd1 Kc7 23. Nc4 Bc6 24. Bxc6 Kxc6 25. Rd6+ Kb5 26. Na3+ Kb4 27. Nc2+ Kc3 28. Ne3 b5 29. Rxa6 Nd5 30. Ng4 Kd2 31. Ne5 c4 32. Rd6 c3 33. f5 c2 34. fxe6 c1=Q+ 35. Kg2 fxe6 0-1


[Site "https://www.chess.com"]

[Event "Titled Tuesday Blitz September 27 Early 2022"]
[White "Yurovskykh, Oleksandr"]
[Black "Mikhailovsky, Vladimir"]
[WhiteFideId "14134020"]
[BlackFideId "34105414"]
[WhiteElo "2303"]
[BlackElo "2297"]
[Result "1/2-1/2"]
[Round "09"]
[TimeControl "180+1"]
[Date "2022.09.27"]
[WhiteClock "0:00:11"]
[BlackClock "0:00:09"]

1. d4 Nf6 2. Nf3 d5 3. c3 c5 4. e3 Nbd7 5. Nbd2 e6 6. Bd3 Bd6 7. O-O e5 8. e4 cxd4 9. cxd4 O-O 10. exd5 exd4 11. Nxd4 Nb6 12. Nc4 Nxc4 13. Bxc4 Bxh2+ 14. Kxh2 Qc7+ 15. Kg1 Qxc4 16. d6 Bg4 17. f3 Bd7 18. Bf4 Rfe8 19. Qd2 Rac8 20. b3 Qd5 21. Rac1 h6 22. Rc3 Rxc3 23. Qxc3 Rc8 24. Qd2 Qc5 25. Rc1 Qxc1+ 26. Qxc1 Rxc1+ 27. Bxc1 Nd5 28. Bd2 f6 29. Kf2 Kf7 30. a3 a6 31. b4 g5 32. Nb3 Bc6 33. Nc5 Nb6 34. Bc1 Nc4 35. d7 Ke7 36. a4 b6 37. Nxa6 Bxa4 38. Nc7 Kxd7 39. Nd5 Ke6 40. Ne3 Nd6 41. Bb2 Bc6 42. Ng4 f5 43. Nxh6 Nc4 44. Bd4 b5 45. g4 fxg4 46. Nxg4 Nd2 47. Ne5 Bd5 48. Bc3 Nb1 49. Bb2 Nd2 50. Bc3 Nb3 51. Nd3 Bc4 52. Nc5+ Kf5 53. Nxb3 Bxb3 54. Bd2 Bc4 55. Be3 Bb3 56. Bc5 Bc4 57. Ke3 Bb3 58. Bd4 Bc4 59. Bc3 Bb3 60. Bd2 Bc4 61. Bc1 Bd5 62. Bd2 1/2-1/2


[Site "https://www.chess.com"]

[Event "Titled Tuesday Blitz September 27 Early 2022"]
[White "Zanette, Edgard Vinicius"]
[Black "Alexikov, Alexander"]
[WhiteFideId "2109263"]
[BlackFideId "14103958"]
[WhiteElo "2182"]
[BlackElo "2222"]
[Result "1-0"]
[Round "09"]
[TimeControl "180+1"]
[Date "2022.09.27"]
[WhiteClock "0:00:24"]
[BlackClock "0:00:38"]

1. e4 c5 2. Nc3 Nc6 3. f4 g6 4. Nf3 Bg7 5. Bb5 Nd4 6. O-O Nxb5 7. Nxb5 d5 8. exd5 a6 9. Nc3 Nf6 10. d4 Nxd5 11. dxc5 Nxc3 12. Qxd8+ Kxd8 13. bxc3 Bxc3 14. Rd1+ Kc7 15. Rb1 Bf5 16. Bb2 Bxb2 17. Rxb2 f6 18. Re1 Rhe8 19. Nd4 Bd7 20. Ne6+ Bxe6 21. Rxe6 Rad8 22. Reb6 Rd1+ 23. Kf2 Rb8 24. c6 Rd6 25. Rxb7+ Rxb7 26. cxb7 Kb8 27. Ke3 Rd5 28. c4 Ra5 29. Kd4 e5+ 30. fxe5 fxe5+ 31. Ke4 Rc5 32. Kd3 h5 33. h4 Ra5 34. Kc3 Rc5 35. Kd3 Ra5 36. Ke4 Rc5 37. Rb4 a5 38. Rb5 Rxc4+ 39. Kxe5 Rxh4 40. Kf6 Rg4 41. Rg5 Rxg5 42. Kxg5 Kxb7 43. g3 Kc6 44. Kxg6 Kc5 45. Kxh5 Kb4 46. g4 Ka3 47. g5 Kxa2 48. g6 a4 49. g7 a3 50. g8=Q+ Kb2 51. Qb8+ Kc2 52. Qc7+ Kb2 53. Qb6+ Kc2 54. Qc5+ Kb2 55. Qb4+ Ka2 56. Kg4 1-0


[Site "https://www.chess.com"]